 Dungeon Crawl Stone Soup version 0.30-b1-2-g02819fbbbe (webtiles) character file.

Game seed: 904751127215266693

21 Alarkh the Sneak (level 2, -4/24 HPs)
             Began as a Demonspawn Delver on May 22, 2023.
             Slain by a gnoll
             ... wielding a +0 club
              (7 damage)
             ... on level 4 of the Dungeon.
             The game lasted 00:00:42 (104 turns).

Alarkh the Sneak (Demonspawn Delver)                 Turns: 104, Time: 00:00:42

Health: -4/24      AC:  3    Str: 12    XL:     2   Next: 62%
Magic:  2/2        EV: 11    Int: 11    God:
Gold:   0          SH:  0    Dex: 14    Spells: 1/1 levels left

rFire   . .          .
                       - Unarmed
rCold   . . .        (no shield)
rNeg    . . .        a - +0 leather armour
rPois   .            (no helmet)
rElec   .            (no cloak)
rCorr   .            (no gloves)
SInv    .            (no boots)
Will    .....        (no amulet)
Stlth   ++           (no ring)
HPRegen 0.24/turn    (no ring)
MPRegen 0.08/turn

%: no passive effects
@: no status effects
A: powered by pain 1
a: no special abilities


You were on level 4 of the Dungeon.
You visited 1 branch of the dungeon, and saw 2 of its levels.

Inventory:

Armour
 a - a +0 leather armour (worn)
Wands
 f - a wand of digging (3)
Scrolls
 b - a scroll of fog
 c - a scroll of magic mapping
 d - a scroll of fear


   Skills:
 - Level 3.0 Fighting
 - Level 1.7 Dodging
 - Level 4.5 Stealth
 + Level 3.0 Unarmed Combat


You had one spell level left.
You didn't know any spells.
Your spell library was empty.

Dungeon Overview and Level Annotations

Branches:
Dungeon (5/15)
 Temple: D:4-7

Altars:


Innate Abilities, Weirdness & Mutations

You sometimes gain a little power by taking damage.


Message History

You hit the gnoll.
The gnoll is almost dead.
You barely miss the gnoll. You punch the gnoll.
You kill the gnoll!
Your Unarmed Combat skill increases to level 3!
Things that are here:
a +0 whip; a gnoll corpse You start resting.
Your extra speed is starting to run out.
You start resting.
You feel yourself slow down.
You start resting.
A gnoll is nearby!
Throw: 2 stones
Press: ? - help, Q - select action Shift-Dir - straight line, f - gnoll
Aim: a gnoll, wielding a +0 club (lightly wounded, 63% to hit)
You throw a stone.
The stone hits the gnoll but does no damage.
The gnoll is lightly wounded.
Throw: stone
Press: ? - help, Q - select action Shift-Dir - straight line, f/p - gnoll
Aim: a gnoll, wielding a +0 club (lightly wounded, 63% to hit)
You throw a stone. The stone barely misses the gnoll.
Unknown command.
A gnoll is nearby!
You hit the gnoll but do no damage.
The gnoll is lightly wounded.
The gnoll hits you with a +0 club.
* * * LOW HITPOINT WARNING * * *
You hit the gnoll.
The gnoll is heavily wounded.
The gnoll hits you with a +0 club.
* * * LOW HITPOINT WARNING * * *
You closely miss the gnoll.
The gnoll is heavily wounded.
The gnoll misses you.
You hit the gnoll.
The gnoll is almost dead.
The gnoll hits you with a +0 club!
You die...

..# #...#.#...###)..#
#..#..#...#..#..#..#
.# ..###.....###...#.#
....#..#.)...#).#....#
..#...#.....#...#...#
.....#.#...#.#......#
...#...#.#...#.....#
...........g........#
...........@#########
#############


You could see a gnoll.

Vanquished Creatures
  2 gnolls (D:4)
  A goblin (D:4)
3 creatures vanquished.

Notes
Turn   | Place    | Note
-------+----------+-------------------------------------------
     0 | D:5      | Alarkh the Demonspawn Delver began the quest for the Orb.
     0 | D:5      | Reached XP level 1. HP: 18/18 MP: 1/1
    37 | D:4      | Gained mutation: You sometimes gain a little power by
                  | taking damage. [demonic ancestry]
    37 | D:4      | Reached XP level 2. HP: 11/24 MP: 2/2
    60 | D:4      | HP: 1/24 [gnoll/+0 whip (5)]
   104 | D:4      | Slain by a gnoll

Illustrated notes

Levels and vault maps discovered:
D:4:      layout_cave_pools, evilmike_ruin_ashenzari,
          mainiacjoe_overflow_small_starburst, minmay_splitting_lines,
          minmay_fractal_squares_5, uniq_edmund, uniq_ijyb
D:5:      layout_basic, kennysheep_little_box, minmay_temple_entry_hall

Skill      XL: |  1  2 |
---------------+-------+-----
Unarmed Combat | 2 3 |  3.0
Fighting       | |  3.0
Dodging        | |  1.7
Stealth        | |  4.5

Action                     || total
---------------------------++-------
  Melee: Unarmed           ||    30
         Punch             ||     2
  Throw: Stone             ||     6
    Use: Potion            ||     1
   Stab: Sleeping          ||     1
 Armour: Leather armour    ||     2
  Dodge: Dodged            ||     5
